 Dungeon Crawl Stone Soup version 0.29.0-4-gdea44cf6ec (webtiles) character file.

Game seed: 3579511671877367195

1636 qw the Chopper (level 8, -1/60 HPs)
             Began as a Demonspawn Cinder Acolyte on Sept 8, 2022.
             Was a Follower of Ignis.
             Killed by divine providence
             ... invoked by an orc priest
              (17 damage)
             ... on level 8 of the Dungeon.
             The game lasted 00:02:48 (9117 turns).

qw the Chopper (Demonspawn Cinder Acolyte)          Turns: 9117, Time: 00:02:48

Health: -1/60      AC: 15    Str: 16    XL:     8   Next: 66%
Magic:  9/9        EV:  9    Int: 16    God:    Ignis [*.....]
Gold:   1212       SH: 12    Dex:  9    Spells: 9/9 levels left

rFire   + . .      SeeInvis .   Y - +0 war axe
rCold   . . .      Faith    .   f - +0 kite shield
rNeg    . . .      Spirit   .   g - +0 chain mail
rPois   .          Reflect  .   (helmet restricted)
rElec   .          Harm     .   (no cloak)
rCorr   .          Rampage  .   (no gloves)
Will    .....                   (no boots)
Stlth   ..........              o - amulet of the acrobat
HPRegen 0.20/turn               b - +4 ring of evasion
MPRegen 0.11/turn               (no ring)

@: fiery-armoured
A: antennae 2, condensation shield, demonic magic 3
a: Renounce Religion, Fiery Armour, Foxfire Swarm, Rising Flame


You were on level 8 of the Dungeon.
You worshipped Ignis.
Ignis was aware of your devotion.
You visited 1 branch of the dungeon, and saw 8 of its levels.

You collected 1212 gold pieces.


Innate Abilities, Weirdness & Mutations

You have a pair of antennae on your head.
A meltable shield of frost defends you. (SH +4)
Spells you cast and wands you use may paralyse nearby enemies.


   Skills:
 - Level 4.2 Fighting
 + Level 7.5 Axes
 - Level 2.4 Throwing
 - Level 2.3 Armour
 - Level 1.2 Dodging
 - Level 5.0 Shields
 - Level 1.0 Spellcasting
 - Level 2.6 Fire Magic


You had 9 spell levels left.
You didn't know any spells.
Your spell library contained the following spells:

 Spells                   Type           Power      Damage    Failure   Level
 Scorch                   Fire           18%        2d5       99%         2

Inventory:

Hand Weapons
 j - a -1 hand axe of flaming
 Y - a +0 war axe (weapon)
Missiles
 e - 2 silver boomerangs
 p - a javelin (quivered)
 t - 3 boomerangs
Armour
 f - a +0 kite shield (worn)
 g - a +0 chain mail (worn)
Jewellery
 b - a +4 ring of evasion (left hand)
 h - an amulet of guardian spirit
 l - a ring of ice
 o - an amulet of the acrobat (around neck)
Scrolls
 d - a scroll of identify
Potions
 a - a potion of resistance
 c - a potion of curing
 i - a potion of heal wounds
 q - 2 potions of mutation
 s - 2 potions of might
 v - a potion of cancellation

Dungeon Overview and Level Annotations

Branches:
Dungeon (8/15)             Temple (0/1) D:7
   Lair: D:8-11

Altars:
Gozag
Kikubaaqudgha
Sif Muna
Wu Jian


Message History

You barely miss the orc warrior.
The orc warrior is severely wounded.
You barely miss the orc. The orc hits you but does no damage.
You block the orc warrior's attack.
9111 ||| Stepping ~*~*~tactically~*~*~ (stealth).
You hit the orc warrior but do no damage.
The orc warrior is severely wounded.
You hit the orc. You block the orc warrior's attack.
The orc hits you but does no damage. The orc warrior barely misses you.
You barely miss the orc warrior.
The orc warrior is severely wounded.
You barely miss the orc. You hit the orc.
You kill the orc!
The orc warrior hits you with a +0 scimitar!
You hit the orc warrior but do no damage.
The orc warrior is severely wounded.
You closely miss the orc. You block the orc's attack.
You block the orc warrior's attack.
You slash the orc warrior!
The orc warrior is almost dead.
You hit the orc. You completely miss the orc.
The orc warrior hits you with a +0 scimitar.
You block the orc's attack. The orc hits you with a +0 flail.
9116 ||| INVOKING Fiery Armour.
A protective cloak of flame settles atop you.
You block the orc's attack.
An orc priest comes into view. It is wielding a +0 morningstar.
You block the orc warrior's attack. The orc completely misses you.
The orc priest shouts!
You hit the orc warrior but do no damage.
The orc warrior is almost dead.
You hit the orc but do no damage. You slash the orc!
You kill the orc!
You hear a shout! x2
The orc warrior hits you with a +0 scimitar!
The orc hits you but does no damage.
The orc priest calls down the wrath of Beogh upon you.
Beogh smites you!
You die...

###### #....#
#### #...)# .....
#..<.# .....
#..[.# .....o
#<...######..o...
#.........'.....(
#.......oo#......
#.......@)# o<...
#.....##..# o...
#>....##'## ...
#......<..# ..
#.....##..# .
####+###..# ####


You could see an orc warrior, an orc priest and an orc.

Vanquished Creatures
  A black bear (D:6)
  An ice beast (D:6)
  A sky beast (D:7)
  An ogre (D:4)
  A phantom (D:4)
  3 necrophages
  2 bullfrogs (D:7)
  A gnoll sergeant (D:7)
  A scorpion (D:4)
  2 howler monkeys
  3 hounds
  A jelly (D:7)
  An orc priest (D:7)
  Jessica (D:3)
  3 iguanas
  4 orc wizards
  Natasha (twice) (D:3)
  Robin (D:3)
  9 gnolls
  6 adders
  2 white imps (D:6)
  3 worms
  16 orcs
  7 ball pythons
  6 endoplasms
  3 giant cockroaches (D:1)
  11 goblins
  10 hobgoblins
  14 jackals
  6 kobolds
  3 quokkas
  5 bats (D:1)
  6 frilled lizards
  9 rats
146 creatures vanquished.

Vanquished Creatures (others)
  A human (D:5)
  10 plants (D:1)
11 creatures vanquished.

Grand Total: 157 creatures vanquished

Notes
Turn   | Place    | Note
-------+----------+-------------------------------------------
     0 | D:1      | qw the Demonspawn Cinder Acolyte began the quest for the
                  | Orb.
     0 | D:1      | Reached XP level 1. HP: 18/18 MP: 2/2
     0 | D:1      | 0 ||| qw: Version: 0.1-a-112-g44dc6cd
     0 | D:1      | 0 ||| qw: Game counter: 6800
     0 | D:1      | 0 ||| qw: Always use a shield: true
     0 | D:1      | 0 ||| qw: God list: Okawaru
     0 | D:1      | 0 ||| qw: Allow faded altars: false
     0 | D:1      | 0 ||| qw: Do Orc after D:15 true
     0 | D:1      | 0 ||| qw: Do second Lair branch before Depths: true
     0 | D:1      | 0 ||| qw: Lair rune preference: random
     0 | D:1      | 0 ||| qw: Plans: Normal
     0 | D:1      | 0 ||| PLANNING D:1-11
    18 | D:1      | Found a faded altar of an unknown god.
   123 | D:1      | Reached skill level 3 in Axes
   229 | D:1      | Gained mutation: Spells you cast may paralyse adjacent
                  | enemies. [demonic ancestry]
   229 | D:1      | Reached XP level 2. HP: 24/24 MP: 3/3
   468 | D:1      | 468 ||| INVOKING Fiery Armour.
   591 | D:1      | 591 ||| Stepping ~*~*~tactically~*~*~ (stealth).
   838 | D:1      | 838 ||| Stepping ~*~*~tactically~*~*~ (stealth).
   842 | D:1      | 842 ||| Stepping ~*~*~tactically~*~*~ (stealth).
  1119 | D:1      | Reached XP level 3. HP: 29/29 MP: 4/4
  1479 | D:1      | Reached skill level 4 in Axes
  1482 | D:1      | 1482 ||| UPGRADING to +0 leather armour.
  1492 | D:1      | 1492 ||| DROPPING +0 robe.
  1493 | D:1      | 1493 ||| Stepping ~*~*~tactically~*~*~ (stealth).
  1494 | D:1      | 1494 ||| UPGRADING to +0 ring mail.
  1506 | D:1      | 1506 ||| DROPPING +0 leather armour.
  1507 | D:1      | 1507 ||| UPGRADING to +0 scale mail.
  1517 | D:1      | 1517 ||| DROPPING +0 ring mail.
  1518 | D:1      | 1518 ||| READING scroll labelled DAUZAE WYIBLE.
  1619 | D:1      | 1619 ||| READING scroll labelled AKKEAC OKKUSKE.
  1619 | D:1      | Identified a scroll of acquirement
  1619 | D:1      | 1619 ||| ACQUIRING 862 gold pieces
  1619 | D:1      | Acquired 862 gold pieces
  1621 | D:1      | 1621 ||| READING scroll labelled OBBALE FEZOMOA.
  1642 | D:2      | 1642 ||| STAIRDANCE
  1734 | D:2      | 1734 ||| STAIRDANCE
  1897 | D:2      | Found an ornate altar of the Wu Jian Council.
  1916 | D:2      | Reached skill level 1 in Armour
  1943 | D:2      | 1943 ||| Stepping ~*~*~tactically~*~*~ (hiding).
  1956 | D:2      | 1956 ||| Stepping ~*~*~tactically~*~*~ (stealth).
  1977 | D:2      | 1977 ||| Stepping ~*~*~tactically~*~*~ (stealth).
  1983 | D:2      | Gained mutation: Spells you cast may paralyse nearby
                  | enemies. [demonic ancestry]
  1983 | D:2      | Reached XP level 4. HP: 29/35 MP: 5/5
  2002 | D:2      | 2002 ||| FLEEEEING.
  2003 | D:2      | 2003 ||| FLEEEEING.
  2004 | D:2      | 2004 ||| FLEEEEING.
  2005 | D:2      | 2005 ||| FLEEEEING.
  2006 | D:2      | 2006 ||| FLEEEEING.
  2007 | D:2      | 2007 ||| FLEEEEING.
  2008 | D:2      | 2008 ||| FLEEEEING.
  2009 | D:2      | 2009 ||| FLEEEEING.
  2010 | D:2      | 2010 ||| FLEEEEING.
  2011 | D:2      | 2011 ||| FLEEEEING.
  2012 | D:2      | 2012 ||| FLEEEEING.
  2013 | D:2      | 2013 ||| FLEEEEING.
  2014 | D:2      | 2014 ||| FLEEEEING.
  2015 | D:2      | 2015 ||| FLEEEEING.
  2016 | D:2      | 2016 ||| FLEEEEING.
  2017 | D:2      | 2017 ||| FLEEEEING.
  2021 | D:2      | 2021 ||| Stepping ~*~*~tactically~*~*~ (stealth).
  2100 | D:2      | 2100 ||| INVOKING Fiery Armour.
  2766 | D:2      | 2766 ||| UPGRADING to +4 ring of evasion.
  2767 | D:2      | 2767 ||| READING 2 scrolls labelled JAZINAO WOFADGH.
  2768 | D:2      | 2768 ||| READING 2 scrolls labelled GEORHU LIOFFU.
  2769 | D:2      | 2769 ||| DRINKING 3 coppery potions.
  2770 | D:2      | 2770 ||| DROPPING scroll of noise.
  2793 | D:3      | Noticed Jessica
  2803 | D:3      | 2803 ||| FLEEEEING.
  2804 | D:3      | 2804 ||| FLEEEEING.
  2805 | D:3      | 2805 ||| FLEEEEING.
  2806 | D:3      | 2806 ||| FLEEEEING.
  2807 | D:3      | 2807 ||| FLEEEEING.
  2808 | D:3      | 2808 ||| FLEEEEING.
  2815 | D:3      | 2815 ||| FLEEEEING.
  2816 | D:3      | 2816 ||| FLEEEEING.
  2817 | D:3      | 2817 ||| FLEEEEING.
  2818 | D:3      | 2818 ||| FLEEEEING.
  2824 | D:3      | 2824 ||| STAIRDANCE
  2911 | D:3      | 2911 ||| Stepping ~*~*~tactically~*~*~ (hiding).
  2917 | D:3      | Killed Jessica
  2918 | D:3      | Reached skill level 1 in Throwing
  2918 | D:3      | Gained mutation: You have a pair of small antennae on your
                  | head. [demonic ancestry]
  2918 | D:3      | Reached XP level 5. HP: 32/41 MP: 6/6
  2994 | D:3      | Noticed Robin
  2995 | D:3      | 2995 ||| Stepping ~*~*~tactically~*~*~ (hiding).
  3010 | D:3      | Killed Robin
  3179 | D:3      | 3179 ||| Stepping ~*~*~tactically~*~*~ (stealth).
  3180 | D:3      | 3180 ||| Stepping ~*~*~tactically~*~*~ (stealth).
  3193 | D:3      | Reached skill level 5 in Axes
  3215 | D:3      | 3215 ||| FLEEEEING.
  3216 | D:3      | 3216 ||| FLEEEEING.
  3217 | D:3      | 3217 ||| FLEEEEING.
  3336 | D:3      | Noticed Natasha
  3337 | D:3      | 3337 ||| Stepping ~*~*~tactically~*~*~ (hiding).
  3354 | D:3      | 3354 ||| INVOKING Fiery Armour.
  3356 | D:3      | Killed Natasha
  3357 | D:3      | Reached skill level 1 in Dodging
  3820 | D:3      | Found a shimmering blue altar of Sif Muna.
  4059 | D:3      | Noticed Natasha
  4060 | D:3      | 4060 ||| Stepping ~*~*~tactically~*~*~ (hiding).
  4077 | D:3      | Killed Natasha
  4238 | D:3      | 4238 ||| UPGRADING to +0 kite shield.
  4243 | D:3      | 4243 ||| UPGRADING to +3 ring mail.
  4253 | D:3      | 4253 ||| DROPPING +0 scale mail.
  4254 | D:3      | 4254 ||| DROPPING ring of wizardry.
  4255 | D:3      | 4255 ||| READING scroll labelled ONIURE DAKEEGG.
  4291 | D:4      | Noticed an ogre
  4298 | D:4      | HP: 2/41 [ogre/+0 giant spiked club (32)]
  4299 | D:4      | 4299 ||| INVOKING Fiery Armour.
  4300 | D:4      | Killed an ogre
  4301 | D:4      | Gained mutation: Spells you cast and wands you use may
                  | paralyse nearby enemies. [demonic ancestry]
  4301 | D:4      | Reached XP level 6. HP: 3/47 MP: 7/7
  4713 | D:4      | Reached skill level 3 in Shields
  4827 | D:4      | 4827 ||| INVOKING Fiery Armour.
  4828 | D:4      | HP: 9/47 [poisoned by a scorpion]
  4829 | D:4      | Gained mutation: A meltable shield of frost defends you.
                  | (SH +4) [demonic ancestry]
  4829 | D:4      | Reached XP level 7. HP: 8/52 MP: 8/8
  4829 | D:4      | 4829 ||| DRINKING 2 potions of curing.
  4829 | D:4      | 4829 ||| (to cure poison)
  5473 | D:4      | 5473 ||| READING scroll labelled GUPSIMOSOU.
  5474 | D:4      | 5474 ||| READING scroll labelled HIRIBO BASSOG.
  5475 | D:4      | 5475 ||| READING scroll labelled YWAHAPTIENG.
  5476 | D:4      | 5476 ||| DRINKING 2 fuming purple potions.
  5477 | D:4      | 5477 ||| DRINKING 2 emerald potions.
  5478 | D:4      | 5478 ||| READING 3 scrolls of identify.
  5478 | D:4      | 5478 ||| IDENTIFYING glowing black potion
  5479 | D:4      | 5479 ||| READING 2 scrolls of identify.
  5479 | D:4      | 5479 ||| IDENTIFYING metallic yellow potion
  5480 | D:4      | 5480 ||| DROPPING potion of lignification.
  5481 | D:4      | 5481 ||| DROPPING potion of brilliance.
  5482 | D:4      | 5482 ||| DROPPING potion of attraction.
  5483 | D:4      | 5483 ||| DROPPING potion of degeneration.
  5522 | D:5      | Entered Level 5 of the Dungeon
  5659 | D:5      | 5659 ||| DRINKING potion of curing.
  5659 | D:5      | 5659 ||| (to cure confusion)
  5668 | D:5      | 5668 ||| INVOKING Fiery Armour.
  6011 | D:5      | 6011 ||| Stepping ~*~*~tactically~*~*~ (stealth).
  6115 | D:5      | 6115 ||| Stepping ~*~*~tactically~*~*~ (stealth).
  6222 | D:5      | Found an ancient bone altar of Kikubaaqudgha.
  6223 | D:5      | Noticed a human
  6226 | D:5      | Killed a human
  6270 | D:5      | Found an opulent altar of Gozag.
  6422 | D:5      | Reached skill level 6 in Axes
  6691 | D:5      | 6691 ||| UPGRADING to +0 chain mail.
  6701 | D:5      | 6701 ||| DROPPING +3 ring mail.
  6702 | D:5      | 6702 ||| DROPPING +2 leather armour of fire resistance.
  6703 | D:5      | 6703 ||| READING scroll labelled EXOL LEEGINOKHLI.
  6708 | D:5      | 6708 ||| DRINKING 3 fuming sapphire potions.
  6709 | D:5      | 6709 ||| DRINKING 2 red potions.
  6710 | D:5      | 6710 ||| READING 2 scrolls of identify.
  6710 | D:5      | 6710 ||| IDENTIFYING fuming orange potion
  6711 | D:5      | 6711 ||| DROPPING 2 potions of flight.
  6750 | D:6      | 6750 ||| INVOKING Fiery Armour.
  7121 | D:6      | 7121 ||| Stepping ~*~*~tactically~*~*~ (stealth).
  7319 | D:6      | 7319 ||| SWAPPING to +0 war axe.
  7329 | D:6      | Reached XP level 8. HP: 60/60 MP: 9/9
  7638 | D:6      | 7638 ||| DROPPING amulet of magic regeneration.
  7639 | D:6      | 7639 ||| UPGRADING to amulet of the acrobat.
  7644 | D:6      | 7644 ||| READING scroll labelled HAINLIS ESSUYZ.
  7645 | D:6      | 7645 ||| READING scroll labelled APULELA LIXOJAOLA.
  7646 | D:6      | 7646 ||| DRINKING 2 bubbling white potions.
  7646 | D:6      | Gained mutation: You have a pair of antennae on your head.
                  | [potion of mutation]
  7773 | D:7      | 7773 ||| FLEEEEING.
  7774 | D:7      | 7774 ||| FLEEEEING.
  7775 | D:7      | 7775 ||| FLEEEEING.
  7776 | D:7      | 7776 ||| FLEEEEING.
  7777 | D:7      | 7777 ||| FLEEEEING.
  7778 | D:7      | 7778 ||| STAIRDANCE
  7828 | D:6      | 7828 ||| READING 2 scrolls of identify.
  7828 | D:6      | 7828 ||| IDENTIFYING clear potion
  7829 | D:6      | 7829 ||| DROPPING potion of invisibility.
  7846 | D:7      | 7846 ||| Stepping ~*~*~tactically~*~*~ (hiding).
  7849 | D:7      | 7849 ||| Stepping ~*~*~tactically~*~*~ (hiding).
  7859 | D:7      | HP: 9/60 [gnoll sergeant/+6 vorpal spear (8)]
  7860 | D:7      | 7860 ||| READING scroll of teleportation.
  7860 | D:7      | HP: 2/60 [gnoll/+0 flail[a gnoll sergeant] (6)]
  7861 | D:7      | 7861 ||| INVOKING Fiery Armour.
  8179 | D:7      | 8179 ||| Stepping ~*~*~tactically~*~*~ (stealth).
  8191 | D:7      | 8191 ||| INVOKING Fiery Armour.
  8195 | D:7      | HP: 15/60 [gnoll sergeant/+6 vorpal spear (9)]
  8265 | D:7      | 8265 ||| Stepping ~*~*~tactically~*~*~ (stealth).
  8267 | D:7      | HP: 9/60 [orc priest/divine providence (12)]
  8275 | D:7      | Reached skill level 7 in Axes
  8320 | D:7      | 8320 ||| Stepping ~*~*~tactically~*~*~ (stealth).
  8322 | D:7      | 8322 ||| INVOKING Fiery Armour.
  8638 | D:7      | Found a staircase to the Ecumenical Temple.
  8825 | D:7      | 8825 ||| Stepping ~*~*~tactically~*~*~ (stealth).
  8826 | D:7      | 8826 ||| Stepping ~*~*~tactically~*~*~ (stealth).
  8831 | D:7      | 8831 ||| Stepping ~*~*~tactically~*~*~ (stealth).
  8833 | D:7      | 8833 ||| Stepping ~*~*~tactically~*~*~ (stealth).
  8836 | D:7      | 8836 ||| Stepping ~*~*~tactically~*~*~ (stealth).
  8837 | D:7      | 8837 ||| Stepping ~*~*~tactically~*~*~ (stealth).
  9010 | D:7      | 9010 ||| READING 3 scrolls of identify.
  9010 | D:7      | 9010 ||| IDENTIFYING black potion
  9011 | D:7      | 9011 ||| READING 2 scrolls of identify.
  9011 | D:7      | 9011 ||| IDENTIFYING grey potion
  9012 | D:7      | 9012 ||| DROPPING potion of magic.
  9031 | D:8      | 9031 ||| STAIRDANCE
  9049 | D:8      | 9049 ||| STAIRDANCE
  9103 | D:8      | 9103 ||| Stepping ~*~*~tactically~*~*~ (stealth).
  9111 | D:8      | 9111 ||| Stepping ~*~*~tactically~*~*~ (stealth).
  9116 | D:8      | 9116 ||| INVOKING Fiery Armour.
  9117 | D:8      | Killed from afar by an orc priest

Levels and vault maps discovered:
D:1:      amcnicky_arrival_gap_in_the_tavern_cellar, layout_basic,
          serial_forest, infiniplex_forest_clump_curved,
          infiniplex_forest_lined_room_, infiniplex_forest_straight_3,
          infiniplex_forest_clump_medium, infiniplex_forest_clump_long,
          infiniplex_forest_clump_small, infiniplex_forest_clump_medium,
          infiniplex_forest_clump_cross, infiniplex_forest_clump_curved,
          infiniplex_forest_corner_1, basic_ecumenical_altar, minmay_domino_4
D:2:      layout_rooms, basic_altar, nicolae_figureground_sparkle
D:3:      layout_loops_ring, old_standard_altar, kennysheep_decorative_pillar,
          uniq_robin, uniq_jessica, uniq_natasha
D:4:      layout_cave_pools, dk_noncrumbling_2
D:5:      layout_loops_corners, mainiacjoe_overflow_brackets, tgw_kikubaaqudgha,
          mainiacjoe_overflow_alcove_2, columned_hall_lemuel
D:6:      layout_cave_pods, solitary_fountain
D:7:      layout_basic, minmay_temple_entry_statues_fountains
D:8:      layout_gridville, uniq_gastronok

Skill      XL: |  1  2  3  4  5  6  7  8 |
---------------+-------------------------+-----
Axes           | 3 4 5 6 7 |  7.5
Armour         | 1 2 |  2.3
Throwing       | 1 2 |  2.4
Dodging        | 1 |  1.2
Shields        | 2 4 5 |  5.0
Fighting       | 4 |  4.2
Spellcasting   | |  1.0
Fire Magic     | |  2.6

Action                   |  1- 3 |  4- 6 |  7- 9 || total
-------------------------+-------+-------+-------++-------
Melee: Hand axe          |   135 |   177 |   122 ||   434
       War axe           |       |       |   134 ||   134
Throw: Javelin           |       |    25 |    34 ||    59
       Boomerang         |       |     1 |     7 ||     8
Invok: Fiery Armour      |     1 |     4 |     6 ||    11
  Use: Scroll            |     3 |     3 |    13 ||    19
       Potion            |       |     1 |     7 ||     8
Armor: Robe              |    25 |       |       ||    25
       Scale mail        |    30 |    31 |       ||    61
       Ring mail         |       |    16 |    28 ||    44
       Chain mail        |       |       |    74 ||    74
Dodge: Dodged            |    77 |    82 |    71 ||   230
Block: Kite shield       |       |    22 |   155 ||   177

Table legend:
 A = Non-vault XP
 B = Vault XP
 C = Vault XP percentage of total XP
 D = Non-vault monster count
 E = Vault monster count
 F = Vault count percentage of total count
                 A         B        C        D         E       F
            +---------+---------+-------+---------+---------+-------
      Total |    2238 |     103 |   4.4 |     135 |      11 |   7.5
            +---------+---------+-------+---------+---------+-------
        D:1 |      62 |       3 |   4.6 |      38 |       2 |   5.0
        D:2 |     107 |       0 |   0.0 |      24 |       0 |   0.0
        D:3 |      65 |     100 |  60.6 |      13 |       9 |  40.9
        D:4 |     445 |       0 |   0.0 |      12 |       0 |   0.0
        D:5 |     189 |       0 |   0.0 |      14 |       0 |   0.0
        D:6 |     626 |       0 |   0.0 |      11 |       0 |   0.0
        D:7 |     732 |       0 |   0.0 |      19 |       0 |   0.0
        D:8 |      12 |       0 |   0.0 |       4 |       0 |   0.0
            +---------+---------+-------+---------+---------+-------
